 Dungeon Crawl Stone Soup version 0.19-a0-1021-g80cc50c (webtiles) character file.

84 JeffiDaFish the Firebug (level 4, 0/33 HPs)
             Began as a Draconian Fire Elementalist on July 28, 2016.
             Slain by an orc wizard
             ... wielding a +0 dagger
              (4 damage)
             ... on level 3 of the Dungeon.
             The game lasted 00:21:09 (2080 turns).

JeffiDaFish the Firebug (DrFE)                      Turns: 2080, Time: 00:21:10

Health: 0/33       AC:  5    Str:  7 (10) XL:     4   Next: 23%
Magic:  6/7        EV: 12    Int: 16 (17) God:
Gold:   104        SH:  0    Dex: 11      Spells: 2 memorised, 5 levels left

rFire  . . .     SeeInvis .     d - +0 dagger
rCold  . . .     Gourm    .     (armour unavailable)
rNeg   . . .     Faith    .     (no shield)
rPois  .         Spirit   .     (helmet restricted)
rElec  .         Dismiss  .     (no cloak)
rCorr  .         Reflect  .     (no gloves)
SustAt .         Harm     .     (no boots)
MR     .....                    (no amulet)
Stlth  ++........               (no ring)
                                (no ring)

@: not resistant to hostile enchantments, unstealthy
A: unfitting armour, cold-blooded, AC +5
a: no special abilities


You were on level 3 of the Dungeon.
You were not hungry.

You visited 1 branch of the dungeon, and saw 3 of its levels.

You collected 104 gold pieces.

Inventory:

Hand Weapons
 d - a +0 dagger (weapon)
Scrolls
 e - a scroll of identify
Potions
 g - a potion of ambrosia
Books
 a - a book of Flames

   Spells                             Type                      Level
   a - Flame Tongue                   Conjuration/Fire             1
   b - Throw Flame                    Conjuration/Fire             2
   c - Conjure Flame                  Conjuration/Fire             3
   d - Inner Flame                    Hexes/Fire                   3
   e - Sticky Flame                   Conjuration/Fire             4
   f - Fireball                       Conjuration/Fire             5
Comestibles
 b - 4 bread rations
 c - a beef jerky
 f - 5 chunks of flesh
 k - a meat ration


   Skills:
 + Level 1.6 Short Blades
 + Level 2.6 Dodging
 - Level 1.7 Stealth
 + Level 2.5 Spellcasting
 + Level 1.7 Conjurations
 + Level 3.3 Fire Magic


You had 5 spell levels left.
You knew the following spells:

 Your Spells              Type           Power        Failure   Level  Hunger
a - Flame Tongue          Conj/Fire      ##...        10%         1    #......
b - Throw Flame           Conj/Fire      ##....       12%         2    ##.....


Dungeon Overview and Level Annotations

Branches:
Dungeon (3/15)

Altars:
Dithmenos
Yredelemnul


Innate Abilities, Weirdness & Mutations

Your plain brown scales are hard. (AC +5)
Your body does not fit into most forms of armour.
You are cold-blooded and may be slowed by cold attacks.


Message History

You can't see any susceptible monsters within range! (Use Z to cast anyway.)
You completely miss something.
You hear some strange, mumbled words.
You are confused.
You bump into the rock wall.
Something hits you. Something hits you but does no damage.
You see here a mace.
You're too confused to move!
Something hits you but does no damage.
A bat comes into view.
You closely miss something. The bat closely misses you.
You're too confused to move!
The bat closely misses you. Something hits you.
* * * LOW HITPOINT WARNING * * *
The bat closely misses you. Something hits you.
* * * LOW HITPOINT WARNING * * *
You hit something but do no damage. The bat misses you. Something hits you.
* * * LOW HITPOINT WARNING * * *
The bat completely misses you.
You feel less confused. The bat closely misses you. Something hits you.
You die...

######
##.@b.#
#.....###
#..#))..#
#..#.#.###
....#.#).<#
..#.##.#####
#...#. #.#
#.. #. #.#
## .. #.#


You could see a bat.

Vanquished Creatures
  2 adders (D:2)
  A dart slug (D:1)
  3 orcs (D:3)
  A ball python (D:2)
  3 giant cockroaches
  3 hobgoblins (D:1)
  8 jackals
  5 bats
  6 giant newts
  10 goblins
  9 kobolds
  8 rats
  A spectral orc (D:2)
60 creatures vanquished.

Notes
Turn   | Place    | Note
-------+----------+-------------------------------------------
     0 | D:1      | JeffiDaFish the Draconian Fire Elementalist began the quest for the Orb.
     0 | D:1      | Reached XP level 1. HP: 14/14 MP: 3/3
   143 | D:1      | Reached XP level 2. HP: 19/20 MP: 1/5
   288 | D:1      | Learned a level 2 spell: Throw Flame
   411 | D:1      | Reached skill level 1 in Short Blades
   709 | D:1      | Reached XP level 3. HP: 26/26 MP: 6/6
  1450 | D:2      | Found a shadowy altar of Dithmenos.
  1662 | D:2      | Reached XP level 4. HP: 23/33 MP: 3/7
  1821 | D:2      | Found a basalt altar of Yredelemnul.
  2080 | D:3      | Slain by an orc wizard

Vault maps used:
D:1:      dpeg_arrival_rooms_a
D:2:      yredelemnul_forgotten_temple_becter,
          nicolae_dithmenos_through_a_glass_darkly, first_bread
D:3:      nicolae_tso_carved_into_rock, uniq_grinder

Skill      XL: |  1  2 |
---------------+-------+-----
Dodging        | 2 |  2.6
Short Blades   | 1 |  1.6
Stealth        | |  1.7
Spellcasting   | |  2.5
Conjurations   | |  1.7
Fire Magic     | |  3.3

Action                   |  1- 3 |  4- 6 || total
-------------------------+-------+-------++-------
Melee: Dagger            |   141 |    33 ||   174
       Tailslap          |     8 |     1 ||     9
 Cast: Flame Tongue      |    18 |     4 ||    22
       Throw Flame       |     8 |     1 ||     9
  Use: Scroll            |     6 |     1 ||     7
       Potion            |     4 |     2 ||     6
 Stab: Sleeping          |     3 |     1 ||     4
  Eat: Chunk             |     3 |     2 ||     5
Armor: Skin              |    39 |     7 ||    46
Dodge: Dodged            |    81 |    16 ||    97
